 Dungeon Crawl Stone Soup version 0.28-a0-984-g3775c662fe (webtiles) character file.

Game seed: 13710294041522929151

464 ders the Digger (level 7, 0/54 HPs)
             Began as a Gargoyle Earth Elementalist on Dec 4, 2021.
             Slain by Duvessa (2 damage)
             ... on level 4 of the Dungeon.
             The game lasted 00:04:50 (3978 turns).

ders the Digger (Gargoyle Earth Elementalist)       Turns: 3978, Time: 00:04:50

Health: 0/54       AC:  7    Str: 12    XL:     7   Next: 8%
Magic:  1/13       EV: 11    Int: 17    God:
Gold:   93         SH:  0    Dex: 10    Spells: 10/14 levels left

rFire   . . .      SeeInvis .   d - +0 dagger (vorpal)
rCold   + + .      Faith    .   (no shield)
rNeg    + . .      Spirit   .   b - +0 robe
rPois   ∞          Reflect  .   (no helmet)
rElec   +          Harm     .   p - +0 cloak
rCorr   .          Rampage  .   (no gloves)
Will    .....                   (no boots)
Stlth   ..........              (no amulet)
HPRegen 0.18/turn               i - ring of protection from cold
MPRegen 0.13/turn               j - ring of protection from cold

@: berserking, very quick
A: sickness immunity, AC +4, negative energy resistance 1, electricity
resistance, torment resistance 1, petrification resistance
a: no special abilities


You were on level 4 of the Dungeon.
You visited 1 branch of the dungeon, and saw 4 of its levels.

You collected 93 gold pieces.

Inventory:

Hand Weapons
 d - a +0 vorpal dagger (weapon)
Missiles
 c - 26 stones
Armour
 b - a +0 robe (worn)
 p - a +0 cloak (worn)
Jewellery
 i - a ring of protection from cold (left hand)
 j - a ring of protection from cold (right hand)
Potions
 k - a potion of attraction
 n - 2 potions of haste


   Skills:
 - Level 1.5 Dodging
 - Level 2.1 Stealth
 + Level 4.2 Spellcasting
 + Level 4.2 Conjurations
 - Level 0.7 Transmutations
 + Level 6.1 Earth Magic


You had 10 spell levels left.
You knew the following spells:

 Your Spells              Type           Power      Damage    Failure   Level
a - Sandblast             Erth           48%        2d12      1%          1
b - Stone Arrow           Conj/Erth      42%        3d9       5%          3

Your spell library contained the following spells:

 Spells                   Type           Power      Damage    Failure   Level
 Passwall                 Tmut/Erth      12%        N/A       5%          2
 Petrify                  Tmut/Erth      15%        N/A       36%         4
 Borgnjor's Revivificati  Necr           1%         N/A       100%        8
 Necromutation            Tmut/Necr      2%         N/A       100%        8
 Death's Door             Necr           1%         N/A       100%        9


Dungeon Overview and Level Annotations

Branches:
Dungeon (4/15)
 Temple: D:4-7

Altars:

Shops:
D:2 (   D:4 *

Annotations:
D:4 Dowan, Duvessa


Innate Abilities, Weirdness & Mutations

You are immune to sickness and miasma.
Your stone body is resilient. (AC +4)
You are immune to poison.
You resist negative energy. (rN+)
You are resistant to electric shocks. (rElec)
You are resistant to unholy torment.
You are immune to petrification.


Message History

The blast of sand hits Duvessa but does no damage.
Duvessa is heavily wounded.
You feel your willpower return.
Duvessa zaps a wand.
The puff of flame hits you!
Unknown command.
Casting: Sandblast (safe; 1% risk of failure)
Confirm with . or Enter, or press ? or * to list all spells.
Aiming: Sandblast (safe; 1% risk of failure)
Press: ? - help, Shift-Dir - straight line, f/p - Duvessa
Aim: Duvessa, wielding a +0 short sword, wearing a +4 chain mail and carrying a wand of flame (19) (heavily wounded, 88% to hit)
The blast of sand hits Duvessa but does no damage.
Duvessa is heavily wounded.
Duvessa zaps a wand.
The puff of flame hits you.
Unknown command.
Duvessa zaps a wand.
The puff of flame hits you.
* * * LOW HITPOINT WARNING * * *
You feel better.
Duvessa zaps a wand.
The puff of flame hits you!
* * * LOW HITPOINT WARNING * * *
You feel better.
Duvessa zaps a wand.
The puff of flame hits you.
* * * LOW HITPOINT WARNING * * *
It was a potion of berserk rage.
A red film seems to cover your vision as you go berserk!
You feel yourself moving faster!
You feel mighty!
Duvessa zaps a wand.
The puff of flame hits you but does no damage.
Dowan casts a spell at you.
The puff of flame hits you but does no damage.
You barely miss Duvessa.
Duvessa is heavily wounded.
Duvessa says, "Did you see that move?
Perfect!"
Duvessa zaps a wand.
The puff of flame hits you.
* * * LOW HITPOINT WARNING * * *
Unknown command.
You hit Duvessa.
Duvessa is severely wounded.
Dowan casts a spell at you. You resist with some effort.
You hit Duvessa but do no damage.
Duvessa is severely wounded.
Duvessa hits you with a +0 short sword.
You die...

,#...,##....########........#*
**#..)#....## ####......# *
#......†## ###### *###...#** *
#......#####....##### *##.,,** *
#....^#.............## ***,,, *
#....................# **** *
#....................# ***,,, *
##.......)...........# **,,,,, *
#............e@......# **,,,,,,
#...................##**,,,....
*#.##................# *,,,,....
**..*##...........e..## *,,,,....
**,,* ##.............# **,,,,....
**,*** ##........###'#**,,,,,....
*,,,,** #........#,,..,*,,,,,....
*,,,,,***#.......#,≈,≈.*,,,,,...)
,,,,,,,*****,,,,,*,,∩,,*,,,,,....


You could see Duvessa and Dowan.

Vanquished Creatures
  Grinder (D:3)
  Eustachio (D:4)
  A jelly (D:3)
  5 adders
  A shadow imp (D:4)
  2 worms (D:2)
  A dart slug (D:2)
  An orc (D:4)
  6 ball pythons
  7 endoplasms
  A giant cockroach (D:1)
  10 goblins
  4 hobgoblins
  2 jackals (D:1)
  3 quokkas
  3 bats (D:1)
  4 frilled lizards
  3 kobolds
  7 rats
63 creatures vanquished.

Notes
Turn   | Place    | Note
-------+----------+-------------------------------------------
     0 | D:1      | ders the Gargoyle Earth Elementalist began the quest for
                  | the Orb.
     0 | D:1      | Reached XP level 1. HP: 10/10 MP: 3/3
   485 | D:1      | Reached XP level 2. HP: 15/15 MP: 3/5
   561 | D:1      | Reached skill level 1 in Conjurations
   704 | D:1      | Reached skill level 4 in Earth Magic
  1424 | D:2      | Reached XP level 3. HP: 14/19 MP: 1/6
  1502 | D:2      | Found a faded altar of an unknown god.
  2065 | D:2      | Found Ohuupa's Weapon Shop.
  2199 | D:2      | Reached XP level 4. HP: 24/24 MP: 5/8
  2403 | D:3      | Noticed Grinder
  2405 | D:3      | Paralysed by Grinder for 6 turns
  2437 | D:3      | Paralysed by Grinder for 4 turns
  2444 | D:3      | Paralysed by Grinder for 6 turns
  2452 | D:3      | Killed Grinder
  2453 | D:3      | Reached skill level 5 in Earth Magic
  2453 | D:3      | Reached XP level 5. HP: 5/28 MP: 3/10
  2453 | D:3      | Reached XP level 6. HP: 6/32 MP: 3/11
  3409 | D:3      | Learned a level 3 spell: Stone Arrow
  3446 | D:4      | Noticed Duvessa
  3446 | D:4      | Noticed Dowan
  3446 | D:4      | Found Tudu Qoi's Assorted Antiques.
  3749 | D:4      | Noticed Eustachio
  3854 | D:4      | Killed Eustachio
  3855 | D:4      | Reached skill level 6 in Earth Magic
  3855 | D:4      | Reached XP level 7. HP: 36/36 MP: 5/13
  3976 | D:4      | HP: 1/54 [Duvessa/puff of flame (6)]
  3978 | D:4      | Slain by Duvessa

Illustrated notes

Levels and vault maps discovered:
D:1:      lemuel_arrival_cross, layout_basic
D:2:      layout_rooms, serial_shops, shop,
          chequers_ecumenical_altar_simple_redux
D:3:      layout_basic, nrook_loot_triangle, minmay_misc_feat_encased,
          uniq_grinder
D:4:      minmay_evil_eye, layout_cave_pods, serial_shops, shop,
          nicolae_shop_competitors_out_of_business, nicolae_stop_n_shop_2,
          kennysheep_little_box, uniq_eustachio, uniq_duvessa

Skill      XL: |  1  2  3  4  5  6 |
---------------+-------------------+-----
Conjurations   | 1 2 3 4 |  4.2
Earth Magic    | 4 5 6 |  6.1
Spellcasting   | 3 4 |  4.2
Dodging        | |  1.5
Stealth        | |  2.1
Transmutations | |  0.7

Action                   |  1- 3 |  4- 6 |  7- 9 || total
-------------------------+-------+-------+-------++-------
Melee: Dagger            |    10 |     2 |     3 ||    15
       Unarmed           |     7 |       |       ||     7
 Cast: Sandblast         |    60 |    47 |     4 ||   111
       Stone Arrow       |       |     5 |     4 ||     9
  Use: Scroll            |       |     1 |     8 ||     9
       Potion            |       |     1 |     3 ||     4
Armor: Robe              |    16 |     8 |     3 ||    27
Dodge: Dodged            |    28 |    14 |     5 ||    47

Table legend: (Time is in decaauts)
 A = Elapsed time spent in this place.
 B = Non-inter-level travel time spent in this place.
 C = Inter-level travel time spent in this place.
 D = Time resting spent in this place.
 E = Time spent auto-exploring this place.
 F = Levels seen in this place.
 G = Mean time per level.
                   A        B        C        D        E       F      G
               +--------+--------+--------+--------+--------+-----+--------+
         Total |   3977 |   3823 |    154 |    975 |   2382 |   4 |  994.2 |
       Dungeon |   3977 |   3823 |    154 |    975 |   2382 |   4 |  994.2 |
               +--------+--------+--------+--------+--------+-----+--------+

Top non-repeatable levels by time:
     D:3: 1418 daAuts
     D:1: 1413 daAuts
     D:2: 983 daAuts
     D:4: 161 daAuts
